cohdb
Replays
Latest Replays
All Replays
Popular Replays
Top Player Replays
Match Explorer
How It Works
Community
CoH3 Stats
Reddit
Sign in to upload your games and track your stats! →
Sign in with Steam
Match 45618024
Unlisted
Match 45618024
Overview
Messages
Build Orders
End
Kradschützen Motorcycle Team
Panzergrenadier Squad
250 Light Carrier
Construct Light Support Kompanie
MG34 Team
Assault Grenadier Squad
Fire Support Elements
Veteran Squad Leaders
Selects Panzerjäger Kommand Battlegroup
Selects Mine Fields
Selects Tank Busters
Panzerjäger Mechanized Group
Flakvierling Half-track
Selects Defensive Positions
Construct Panzerarmee Kommand
2.5-tonne Medical Truck
Walking Stuka Rocket Launcher
Selects Butterfly Bomb Drop
Panzergrenadier Squad
Armored Reserves
Tiger Heavy Tank
Selects Crew Shock Tactics
Selects Anti-tank Overwatch
Vehicle Survival Package
~TAB~ THUND3RCHUNKY
DanceFKRdance
Super Hans
I JediX I
0
0
Comments
sign in to comment!
No comments posted yet!